 Dungeon Crawl Stone Soup version 0.20.1-1-g8b1a95d (webtiles) character file.

121 Linguinho the Caller (level 4, -6/30 HPs)
             Began as a Demonspawn Summoner on Nov 5, 2017.
             Killed by divine providence
             ... invoked by an orc priest
              (7 damage)
             ... on level 3 of the Dungeon.
             The game lasted 00:09:05 (3423 turns).

Linguinho the Caller (Demonspawn Summoner)          Turns: 3423, Time: 00:09:06

Health: -6/30      AC:  9    Str:  8    XL:     4   Next: 77%
Magic:  2/8        EV: 12    Int: 18    God:
Gold:   117        SH:  0    Dex: 13    Spells: 2/9 levels left

rFire    . . .     SeeInvis .   u - +0 spear
rCold    . . .     Gourm    .   (no shield)
rNeg     . . .     Faith    .   a - +0 robe
rPois    .         Spirit   .   (no helmet)
rElec    .         Reflect  .   j - +0 cloak
rCorr    .         Harm     .   (no gloves)
MR       .....                  (no boots)
Stlth    ++........             (no amulet)
Regen    0.1/turn               (no ring)
MPRegen  0.2/turn               (no ring)

@: sanguine armour, drained
A: spiny 2, sanguine armour 1
a: no special abilities


You were on level 3 of the Dungeon.
You were hungry.

You visited 1 branch of the dungeon, and saw 3 of its levels.

You collected 117 gold pieces.

Inventory:

Hand Weapons
 u - a +0 spear (weapon)
Armour
 a - a +0 robe (worn)
 j - a +0 cloak (worn)
 A - a +0 robe of cold resistance
Jewellery
 f - an uncursed ring of protection from fire {unknown}
 l - an uncursed ring of flight {unknown}
 n - an uncursed ring of fire {unknown}
 o - an uncursed ring of poison resistance {unknown}
 y - a +3 ring of strength {unknown}
Scrolls
 e - 4 scrolls of identify {unknown}
 i - a scroll of recharging {unknown}
 k - 3 scrolls of teleportation {unknown}
 p - 2 scrolls of fog {unknown}
 q - 3 scrolls of fear
 s - a scroll of immolation {unknown}
 t - a scroll of remove curse {unknown}
 w - a scroll of noise {unknown}
Potions
 g - a potion of cancellation
 h - a potion of flight {unknown}
 m - a potion of heal wounds {unknown}
 r - a potion of curing {unknown}
 v - a potion of berserk rage {unknown}
Books
 b - a book of Callings

   Spells                             Type                      Level
   a - Summon Small Mammal            Summoning                    1
   b - Call Imp                       Summoning                    2
   c - Call Canine Familiar           Summoning                    3
   d - Summon Guardian Golem          Hexes/Summoning              3
   e - Summon Lightning Spire         Summoning/Air                4
   f - Summon Ice Beast               Ice/Summoning                4
 z - a book of Cantrips

   Spells                             Type                      Level
   a - Confusing Touch                Hexes                        1
   b - Animate Skeleton               Necromancy                   1
   c - Summon Small Mammal            Summoning                    1
   d - Apportation                    Translocation                1
Comestibles
 c - 3 bread rations
 d - 3 meat rations
 x - a chunk of flesh


   Skills:
 + Level 0.2(0.0) Fighting
 + Level 0.5(0.1) Polearms
 + Level 2.1(1.7) Dodging
 + Level 2.1(1.6) Stealth
 + Level 3.0(2.6) Spellcasting
 + Level 0.4(0.0) Hexes
 + Level 5.0(4.6) Summonings


You had 2 spell levels left.
You knew the following spells:

 Your Spells              Type           Power        Failure   Level  Hunger
a - Summon Small Mammal   Summ           ###.         2%          1    #......
b - Call Imp              Summ           ###.....     3%          2    ##.....
c - Summon Guardian Gole  Hex/Summ       ##......     21%         3    ###....
d - Confusing Touch       Hex            #.....       17%         1    #......


Dungeon Overview and Level Annotations

Branches:
Dungeon (3/15)

Altars:


Innate Abilities, Weirdness & Mutations

You are mostly covered in sharp spines.
When seriously injured, your bleeding wounds create armour. (AC +6)


Message History

The orc wizard gestures wildly while chanting.
The orc wizard blinks!
The orc priest hits your guardian golem but does no damage.
Attack whom?
Press: ? - help, Dir - move target cursor, f - orc priest, p - orc wizard
Aim: an orc priest, wielding a club and wearing a chain mail You reach to attack!
You hit the orc priest.
The orc priest is lightly wounded.
Your shadow imp hits the orc priest.
The orc priest invokes the aid of Beogh against you.
Beogh smites you!
* * * LOW HITPOINT WARNING * * *
The orc priest hits your guardian golem with a club.
You swap places.
The orc priest miscasts a cantrip.
The orc priest hits your guardian golem but does no damage.
It was a potion of cancellation.
You feel magically purged.
The orc priest invokes the aid of Beogh against you.
Beogh smites you!
You die...

#.#.###.# ####'#### #.#.# #.#
#.......# #.#.# #.## #...#...#
#.#.###..###..#(#5.######
#.#.##....##.#.#5#.#....#
#.#.......##..#5#..####.#
#.#######)##...#[..# #.#
#.(........#.......# #.#
##########@####'#### #.#
#55#.#....# #.# ############
#85#.##...# #.#
#..........####oo#.##...# #.#
#..........##..o.#!##...# #.#
#..........##....#.##...####.#
#................<.##........#
#...............>..##...####.#
#..................##....# ###


You could see 2 orc priests, an orc wizard, a friendly guardian golem (inner
flame), a friendly iron imp, a friendly crimson imp and a friendly shadow imp.

Vanquished Creatures
  An orc wizard (D:3)
  2 adders
  A worm (D:3)
  A dart slug (D:2)
  A leopard gecko (D:3)
  An orc (D:3)
  4 bats (D:2)
  3 giant cockroaches
  4 goblins
  6 hobgoblins
  A jackal (D:1)
  3 ball pythons
  5 frilled lizards
  3 kobolds
  3 rats (D:1)
39 creatures vanquished.

Vanquished Creatures (collateral kills)
  3 gnolls (D:2)
  A leopard gecko (D:3)
  An orc (D:3)
  A giant cockroach (D:1)
  3 goblins (D:1)
  3 hobgoblins
  A jackal (D:1)
  3 kobolds
  A ball python (D:3)
  6 bats (D:1)
  A frilled lizard (D:1)
  2 rats (D:1)
26 creatures vanquished.

Grand Total: 65 creatures vanquished

Notes
Turn   | Place    | Note
-------+----------+-------------------------------------------
     0 | D:1      | Linguinho the Demonspawn Summoner began the quest for the Orb.
     0 | D:1      | Reached XP level 1. HP: 13/13 MP: 3/3
   629 | D:1      | Gained mutation: You are partially covered in sharp spines. [demonic ancestry]
   629 | D:1      | Reached XP level 2. HP: 17/19 MP: 0/5
   633 | D:1      | Learned a level 2 spell: Call Imp
  1802 | D:2      | Gained mutation: When seriously injured, your bleeding wounds create armour. (AC +6) [demonic ancestry]
  1802 | D:2      | Reached XP level 3. HP: 16/24 MP: 4/6
  2235 | D:2      | Learned a level 3 spell: Summon Guardian Golem
  2722 | D:3      | Gained mutation: You are mostly covered in sharp spines. [demonic ancestry]
  2722 | D:3      | Reached XP level 4. HP: 27/30 MP: 3/8
  2929 | D:3      | Reached skill level 5 in Summonings
  2949 | D:3      | Learned a level 1 spell: Confusing Touch
  3421 | D:3      | HP: 1/30 [orc priest/divine providence (14)]
  3423 | D:3      | Killed from afar by an orc priest

Skill      XL: |  1  2  3  4 |
---------------+-------------+-----
Dodging        | 2 |  2.1
Summonings     | 5 |  5.0
Spellcasting   | 3 |  3.0
Stealth        | 2 |  2.1
Fighting       | |  0.2
Polearms       | |  0.5
Hexes          | |  0.4

Action                   |  1- 3 |  4- 6 || total
-------------------------+-------+-------++-------
Melee: Unarmed           |   105 |       ||   105
       Spear             |    28 |    54 ||    82
 Cast: Summon Small Mamm |    25 |     1 ||    26
       Call Imp          |    23 |    10 ||    33
       Summon Guardian G |     1 |     1 ||     2
  Use: Scroll            |     1 |       ||     1
       Potion            |       |     1 ||     1
 Stab: Sleeping          |       |     2 ||     2
       Distracted        |       |     1 ||     1
  Eat: Chunk             |     7 |     3 ||    10
Armor: Robe              |    47 |     6 ||    53
Dodge: Dodged            |   154 |    16 ||   170
